 Dungeon Crawl Stone Soup version 0.31-a0-934-gf4fcaacff8 (webtiles) character file.

Game seed: 12312175523181076445

15720 BinkBink the Nimble (level 12, -5/93 HPs)
             Began as a Djinni Fire Elementalist on Oct 20, 2023.
             Was the Champion of Okawaru.
             Slain by an orc high priest
             ... wielding a +0 glaive
              (11 damage)
             ... on level 2 of the Orcish Mines.
             The game lasted 00:43:52 (12889 turns).

BinkBink the Nimble (Djinni Fire Elementalist)     Turns: 12889, Time: 00:43:52

Health: -5/93      AC:  8    Str:  7    XL:     12   Next: 61%
Gold:   1563       EV: 20    Int: 26    God:    Okawaru [******] SH:  0 Dex: 22

rFire   + + .        o - +0 great sword (chaos)
rCold   x . .        (shield currently unavailable)
rNeg    . . .        k - +2 troll leather armour
rPois   ∞            F - +1 hat
rElec   .            (no cloak)
rCorr   .            t - +1 pair of gloves
SInv    .            (boots unavailable)
Will    +....        m - amulet of faith
Stlth   ++           s - +6 ring of intelligence
HPRegen 1.15/turn    q - +6 ring of dexterity
MPRegen 0.00/turn

%: faith, infuse magic (-6 HP)
@: about to teleport, flying
A: sickness immunity, fire resistance 2, cold vulnerability 1, float, innate
caster, HP casting, extra vitality 1
a: Renounce Religion, Heroism, Finesse, Duel, Receive Weapon, Receive Armour


You were on level 2 of the Orcish Mines.
You worshipped Okawaru.
Okawaru was exalted by your worship.
You visited 3 branches of the dungeon, and saw 14 of its levels.

You collected 1563 gold pieces.

Inventory:

Hand Weapons
 o - a +0 great sword of chaos (weapon)
Missiles
 y - 3 throwing nets
Armour
 k - a +2 troll leather armour (worn)
 t - a +1 pair of gloves (worn)
 F - a +1 hat (worn)
Jewellery
 i - a +4 ring of protection
 m - an amulet of faith (around neck)
 q - a +6 ring of dexterity (right hand)
 s - a +6 ring of intelligence (left hand)
 w - a ring of willpower
Wands
 p - a wand of light (15)
 C - a wand of flame (18)
 D - a wand of iceblast (3)
 E - a wand of paralysis (13)
Scrolls
 a - a scroll of identify
 f - 5 scrolls of teleportation
 l - a scroll of immolation
 I - a scroll of butterflies
Potions
 b - a potion of cancellation {unknown}
 c - 4 potions of might
 g - 2 potions of mutation
 h - a potion of lignification
 r - a potion of ambrosia
 u - 4 potions of curing
 A - a potion of brilliance
 B - a potion of enlightenment
 H - 2 potions of berserk rage
 J - a potion of magic {unknown}


   Skills:
 + Level 10.6 Fighting
 + Level 7.5 Long Blades
 + Level 11.7 Dodging
 - Level 1.5 Stealth
 + Level 8.1 Spellcasting
 + Level 8.1 Conjurations
 + Level 8.1 Hexes
   Level 0.0 Charms
 + Level 8.1 Summonings
 + Level 8.1 Necromancy
 + Level 8.1 Translocations
 + Level 8.1 Transmutations
 + Level 8.1 Fire Magic
 + Level 8.1 Ice Magic
 + Level 8.1 Air Magic
 + Level 8.1 Earth Magic
 + Level 8.1 Poison Magic


You knew the following spells:

 Your Spells              Type           Power      Damage    Failure   Level
a - Foxfire               Conj/Fire      100%       2x1d9     1%          1
b - Scorch                Fire           100%       2d9       1%          2
c - Volatile Blastmotes   Fire/Tloc      100%       2d18      1%          3
d - Inner Flame           Hex/Fire       52%        N/A       1%          3
e - Flame Wave            Conj/Fire      52%        2d13      3%          4
f - Slow                  Hex            100%       N/A       1%          1
g - Call Imp              Summ           100%       N/A       1%          2
h - Lesser Beckoning      Tloc           100%       N/A       1%          2
i - Ignite Poison         Fire/Tmut/Pois 52%        N/A       1%          3
j - Summon Lightning Spi  Summ/Air       52%        N/A       3%          4
Your spell library was empty.

Dungeon Overview and Level Annotations

Branches:
Dungeon (11/15)            Temple (1/1) D:7            Lair (0/5) D:9
    Orc (2/2) D:10            Elf (0/3) Orc:2

Altars:
Ashenzari
Cheibriados
Dithmenos
Elyvilon
Fedhas
Gozag
Hepliaklqana
Makhleb
Nemelex Xobeh
Okawaru
Qazlal
Ru
Trog
Uskayaw
Wu Jian
Xom
Yredelemnul
Zin
The Shining One

Shops:
D:6 [   D:7 =   Orc:1 =   Orc:2 *:

Annotations:
D:3 1 runed translucent door, Crazy Yiuf
D:10 2 transporters


Innate Abilities, Weirdness & Mutations

You are immune to sickness and miasma.
You are immune to poison.
Your flesh is very heat resistant. (rF++)
You are vulnerable to cold. (rC-)
You float through the air rather than walking.
You learn spells naturally, not from books.
Your magical power is your life essence.
You have superior vitality. (+4 MHP)


Message History

Press: ? - help, Dir - look around, f - activate A wave of flame ripples out!
The flame wave engulfs the smoke demon.
The smoke demon resists.
The smoke demon is lightly wounded.
The flame wave engulfs the troll!
The troll is almost dead.
The flame wave engulfs the ynoxinul!
The ynoxinul is heavily wounded. (Press . to intensify the flame waves.)
* * * LOW HITPOINT WARNING * * *
The orange demon barely misses you. The smoke demon misses you.
The smoke demon hits you but does no damage.
The smoke demon hits you.
* * * LOW HITPOINT WARNING * * *
The troll misses you. The troll closely misses you. The troll claws you.
* * * LOW HITPOINT WARNING * * *
The orc high priest closely misses you. The ynoxinul hits you.
* * * LOW HITPOINT WARNING * * *
A wave of flame ripples out!
The flame wave engulfs the smoke demon.
The smoke demon resists.
The smoke demon is lightly wounded.
The flame wave engulfs the troll!
You kill the troll!
Okawaru accepts your kill.
The troll leather armour is intact enough to wear.
The flame wave engulfs the ynoxinul!
The ynoxinul is almost dead.
The flame wave engulfs the orange demon!
The orange demon is burned terribly!
The orange demon is severely wounded.
The flame wave engulfs the orc high priest but does no damage.
The orc high priest is heavily wounded.
* * * LOW HITPOINT WARNING * * *
The orange demon stings you from afar.
* * * LOW HITPOINT WARNING * * *
The smoke demon completely misses you. The smoke demon barely misses you.
The smoke demon hits you.
* * * LOW HITPOINT WARNING * * *
The orc high priest hits you from afar with a +0 glaive!
You die...

...... .....
##...... ...#
##.#.... . ...
#...... .. ...
##..... ... ..#
..... .... ...
...#... ...
###[..# .....
###§#@3.###.
......
###.....3......
.......
##......4o......
........
#....##..#......
........
##..............
........
##...#.........
........
##..............
........
##........#......
........
#..............
........


You could see an orc high priest (combustible), an orange demon (summoned,
combustible), a smoke demon (summoned) and a ynoxinul (summoned).

Vanquished Creatures
  Erica (D:9)
  A two-headed ogre (D:8)
  5 orc high priests (Orc:2)
  2 orc knights
  2 cyclopes
  Maurice (D:8)
  Maggie (D:8)
  5 trolls
  Grinder (D:3)
  A wyvern (D:10)
  A spriggan (D:8)
  2 shadows (D:10)
  4 vampire mosquitoes (D:11)
  2 wargs
  4 water moccasins
  3 sky beasts
  8 ogres
  11 orc warriors
  A black bear (D:6)
  4 wolves
  3 centaurs
  3 lemures
  A phantom (D:6)
  3 kobold brigands
  5 bullfrogs
  2 scorpions (D:5)
  4 gnoll sergeants
  5 wights (D:7)
  13 killer bees (D:9)
  11 howler monkeys
  5 hounds
  28 orc priests
  2 jellies
  2 iguanas (D:5)
  14 orc wizards
  Natasha (twice) (D:2)
  A sleepcap (D:4)
  22 gnolls
  3 adders
  A white imp (D:6)
  2 worms
  A dart slug (D:2)
  63 orcs
  8 ball pythons
  8 endoplasms
  2 giant cockroaches
  6 goblins
  7 hobgoblins
  7 quokkas
  6 bats
  20 kobolds
  5 rats
325 creatures vanquished.

Vanquished Creatures (collateral kills)
  A foxfire (Orc:1)
1 creature vanquished.

Vanquished Creatures (others)
  1117 foxfires
1117 creatures vanquished.

Grand Total: 1443 creatures vanquished

Notes
Turn   | Place    | Note
-------+----------+-------------------------------------------
     0 | D:1      | BinkBink the Djinni Fire Elementalist began the quest for
                  | the Orb.
     0 | D:1      | BinkBink set off with the following spells memorised:
                  | Foxfire, Scorch, Volatile Blastmotes, Inner Flame, Flame
                  | Wave.
     0 | D:1      | Reached XP level 1. HP: 15/15 MP: 0/0
   101 | D:1      | Reached XP level 2. HP: 22/22 MP: 0/0
   389 | D:1      | Reached skill level 1 in Fighting
   451 | D:1      | Reached XP level 3. HP: 26/27 MP: 0/0
   451 | D:1      | Learned a level 1 spell: Slow
   809 | D:2      | Reached skill level 3 in Dodging
   879 | D:2      | Noticed Natasha
   885 | D:2      | Killed Natasha
   886 | D:2      | Reached XP level 4. HP: 29/33 MP: 0/0
  1286 | D:2      | Noticed Natasha
  1299 | D:2      | Killed Natasha
  1300 | D:2      | Reached XP level 5. HP: 31/39 MP: 0/0
  1300 | D:2      | Learned a level 2 spell: Call Imp
  1646 | D:3      | Noticed Grinder
  1653 | D:3      | Killed Grinder
  1654 | D:3      | Reached skill level 4 in Dodging
  1654 | D:3      | Reached XP level 6. HP: 3/46 MP: 0/0
  2198 | D:3      | You are sucked into a shaft and drop 1 floor!
  2300 | D:4      | Reached XP level 7. HP: 51/51 MP: 0/0
  2300 | D:4      | Learned a level 2 spell: Lesser Beckoning
  2499 | D:4      | Found a hide-covered altar of Uskayaw.
  2686 | D:3      | Found a runed translucent door.
  2687 | D:3      | Noticed Crazy Yiuf
  3631 | D:5      | Entered Level 5 of the Dungeon
  3802 | D:5      | Reached skill level 5 in Dodging
  3850 | D:5      | Found a snail-covered altar of Cheibriados.
  4820 | D:6      | Noticed a water moccasin
  4826 | D:6      | Killed a water moccasin
  4827 | D:6      | Reached skill level 6 in Dodging
  4827 | D:6      | Reached XP level 8. HP: 54/58 MP: 0/0
  4830 | D:6      | Reached skill level 5 in Fighting
  5394 | D:6      | Found Lusuu's Antique Armour Shoppe.
  6333 | D:7      | Found Xujyixteir's Jewellery Emporium.
  6342 | D:7      | Reached skill level 7 in Dodging
  6342 | D:7      | Reached skill level 5 in Spellcasting
  6342 | D:7      | Reached skill level 5 in Conjurations
  6342 | D:7      | Reached skill level 5 in Hexes
  6342 | D:7      | Reached skill level 5 in Summonings
  6342 | D:7      | Reached skill level 5 in Necromancy
  6342 | D:7      | Reached skill level 5 in Translocations
  6342 | D:7      | Reached skill level 5 in Transmutations
  6342 | D:7      | Reached skill level 5 in Fire Magic
  6342 | D:7      | Reached skill level 5 in Ice Magic
  6342 | D:7      | Reached skill level 5 in Air Magic
  6342 | D:7      | Reached skill level 5 in Earth Magic
  6342 | D:7      | Reached skill level 5 in Poison Magic
  6371 | D:7      | Reached XP level 9. HP: 60/66 MP: 0/0
  6371 | D:7      | Learned a level 3 spell: Ignite Poison
  6654 | D:7      | Reached skill level 1 in Long Blades
  6740 | D:7      | Noticed a troll
  6753 | D:7      | Killed a troll
  7058 | D:7      | Reached skill level 8 in Dodging
  7368 | D:7      | Identified the +4 hand axe of Pemae {freeze, rC+ rN+}
  7396 | D:7      | Found a staircase to the Ecumenical Temple.
  7519 | Temple   | Entered the Ecumenical Temple
  7557 | Temple   | Became a worshipper of Warmaster Okawaru
  7828 | D:8      | Reached XP level 10. HP: 73/75 MP: 0/0
  7922 | D:8      | Noticed Maurice
  7932 | D:8      | Killed Maurice
  7932 | D:8      | Reached * piety under Okawaru
  7973 | D:8      | Paralysed by a kobold for 5 turns
  8102 | D:8      | Noticed a two-headed ogre
  8111 | D:8      | Killed a two-headed ogre
  8111 | D:8      | Reached ** piety under Okawaru
  8112 | D:8      | Reached skill level 9 in Dodging
  8424 | D:8      | Noticed Maggie
  8430 | D:8      | Killed Maggie
  8430 | D:8      | Reached *** piety under Okawaru
  8558 | D:8      | Found a sparkling altar of Nemelex Xobeh.
  9149 | D:9      | Noticed Erica
  9163 | D:9      | Killed Erica
  9163 | D:9      | Reached **** piety under Okawaru
  9164 | D:9      | Reached skill level 5 in Long Blades
  9164 | D:9      | Reached XP level 11. HP: 27/82 MP: 0/0
  9164 | D:9      | Learned a level 4 spell: Summon Lightning Spire
  9433 | D:9      | Reached skill level 10 in Dodging
  9463 | D:9      | Identified the +3 quarterstaff "Taovad" {freeze, rElec
                  | Int+4 Dex-3}
  9712 | D:9      | Found a staircase to the Lair.
  9851 | D:10     | Entered Level 10 of the Dungeon
 10002 | D:10     | Found a stormy altar of Qazlal.
 10002 | D:10     | Noticed a stone giant
 10004 | D:10     | Found a shimmering altar of Xom.
 10004 | D:10     | Noticed a cyclops
 10004 | D:10     | Noticed an ogre mage
 10006 | D:10     | Noticed an ogre mage
 10012 | D:10     | Found a transporter.
 10028 | D:10     | Found a transporter.
 10093 | D:10     | Found a white marble altar of Elyvilon.
 10095 | D:10     | Found a staircase to the Orcish Mines.
 10177 | D:10     | Found an opulent altar of Gozag.
 10541 | D:11     | Reached ***** piety under Okawaru
 10633 | D:11     | Noticed a cyclops
 10642 | D:11     | Noticed a boulder beetle
 10643 | D:11     | Killed a cyclops
 10666 | D:11     | Noticed a two-headed ogre
 10739 | Orc:1    | Entered Level 1 of the Orcish Mines
 10739 | Orc:1    | Found a burning altar of Makhleb.
 10905 | Orc:2    | Entered Level 2 of the Orcish Mines
 10966 | Orc:2    | Noticed an orc knight
 10979 | Orc:2    | Killed an orc knight
 10979 | Orc:2    | Received a gift from Okawaru
 11190 | Orc:2    | Noticed an orc high priest
 11194 | Orc:2    | Noticed a sixfirhy
 11196 | Orc:2    | Killed an orc high priest
 11197 | Orc:2    | Reached skill level 11 in Dodging
 11197 | Orc:2    | Reached XP level 12. HP: 42/91 MP: 0/0
 11200 | Orc:2    | Noticed an orc high priest
 11271 | Orc:2    | Noticed an orc high priest
 11272 | Orc:2    | Noticed an orc high priest
 11316 | Orc:2    | Noticed a sun demon
 11316 | Orc:2    | Killed an orc high priest
 11316 | Orc:2    | Reached ****** piety under Okawaru
 11317 | Orc:2    | Reached skill level 10 in Fighting
 11317 | Orc:2    | Noticed an orc high priest
 11343 | Orc:1    | Received a gift from Okawaru
 11570 | Orc:2    | Found a staircase to the Elven Halls.
 11646 | Orc:2    | Noticed a soul eater
 11648 | Orc:2    | Killed an orc high priest
 11652 | Orc:2    | HP: 4/91 [orc priest/divine providence (15)]
 11724 | Orc:1    | Found Kyen Wob's Jewellery Boutique.
 12177 | Orc:2    | Noticed an orc high priest
 12187 | Orc:2    | Killed an orc high priest
 12324 | Orc:2    | Found Ufuar's Assorted Antiques.
 12324 | Orc:2    | Found Lomo's Book Shop.
 12366 | Orc:2    | Noticed an orc high priest
 12389 | Orc:2    | Killed an orc high priest
 12389 | Orc:2    | Received a gift from Okawaru
 12502 | Orc:2    | Noticed an orc high priest
 12876 | Orc:2    | Noticed an orc high priest
 12889 | Orc:2    | Slain by an orc high priest

Illustrated notes

Levels and vault maps discovered:
D:1:      wander_arrival_chamber, layout_basic
D:2:      layout_basic, due_unseen_surprise, uniq_natasha
D:3:      layout_loops_ring, minmay_misc_feat_chi, uniq_crazy_yiuf_cottage,
          uniq_grinder
D:4:      layout_layer_cave, nicolae_uskayaw_murder_on_the_dancefloor
D:5:      layout_basic, lemuel_coloured_pillars_altar,
          mainiacjoe_overflow_cross_hatched, nicolae_titane
D:6:      layout_cave_pods, serial_shops, nicolae_shop_crystal,
          amcnicky_mini_rare_corridor_liquid
D:7:      layout_basic, temple_statues, serial_shops, nicolae_shop_trees,
          uniq_pikel
D:8:      layout_gridville, mainiacjoe_overflow_24_doors, the_hattery,
          uniq_maggie, uniq_maurice
D:9:      layout_basic, erik_lair_island, uniq_erica
D:10:     layout_basic, nicolae_gozag_cash_rules_everything_around_me,
          gammafunk_temple_overflow_arena
D:11:     layout_loops_ring, uniq_harold, uniq_erolcha, uniq_grum
Temple:   eino_temple_water
Orc:1:    layout_caves, serial_shops, shop, bloody_makhleb
Orc:2:    st_orc_town, layout_caves

Skill      XL: |  1  2  3  4  5  6  7  8  9 10 11 12 |
---------------+-------------------------------------+-----
Spellcasting   | 4 5 6 7 8 |  8.1
Conjurations   | 4 5 6 7 8 |  8.1
Hexes          | 4 5 6 7 8 |  8.1
Summonings     | 4 5 6 7 8 |  8.1
Necromancy     | 4 5 6 7 8 |  8.1
Translocations | 4 5 6 7 8 |  8.1
Transmutations | 4 5 6 7 8 |  8.1
Fire Magic     | 4 5 6 7 8 |  8.1
Ice Magic      | 4 5 6 7 8 |  8.1
Air Magic      | 4 5 6 7 8 |  8.1
Earth Magic    | 4 5 6 7 8 |  8.1
Poison Magic   | 4 5 6 7 8 |  8.1
Fighting       | 1 2 3 4 6 7 8 9 10 | 10.6
Dodging        | 3 4 6 7 8 9 11 | 11.7
Long Blades    | 2 5 6 7 |  7.5
Stealth        | |  1.5

Action                     |  1- 3 |  4- 6 |  7- 9 | 10-12 || total
---------------------------+-------+-------+-------+-------++-------
  Melee: Great sword       |       |       |    46 |    15 ||    61
   Cast: Foxfire           |    48 |    29 |   130 |   438 ||   645
         Scorch            |     3 |    26 |    64 |    66 ||   159
         Flame Wave        |       |       |     2 |    25 ||    27
    Use: Potion            |       |     3 |     1 |     5 ||     9
         Scroll            |       |     2 |    11 |    14 ||    27
 Armour: Robe              |    10 |     8 |    55 |     4 ||    77
         Acid dragon scale |       |       |       |    38 ||    38
         Troll leather arm |       |       |       |    75 ||    75
  Dodge: Dodged            |    14 |    16 |    86 |   167 ||   283

Table legend: (Time is in decaauts)
 A = Elapsed time spent in this place.
 B = Non-inter-level travel time spent in this place.
 C = Inter-level travel time spent in this place.
 D = Time resting spent in this place.
 E = Time spent auto-exploring this place.
 F = Levels seen in this place.
 G = Mean time per level.
                   A        B        C        D        E       F      G
               +--------+--------+--------+--------+--------+-----+--------+
         Total |  12930 |  12263 |    667 |   1581 |   8512 |  14 |  923.6 |
       Dungeon |  10741 |  10164 |    577 |   1066 |   7518 |  11 |  976.5 |
        Temple |     54 |      1 |     53 |      0 |      0 |   1 |   54.0 |
  Orcish Mines |   2134 |   2098 |     36 |    515 |    994 |   2 | 1067.0 |
               +--------+--------+--------+--------+--------+-----+--------+

Top non-repeatable levels by time:
     D:8: 1488 daAuts
     D:6: 1457 daAuts
   Orc:2: 1420 daAuts
     D:4: 1377 daAuts
     D:7: 1137 daAuts
     D:5: 1039 daAuts
     D:3: 1035 daAuts
     D:9: 773 daAuts
     D:2: 772 daAuts
     D:1: 751 daAuts
    D:10: 713 daAuts
   Orc:1: 713 daAuts
    D:11: 194 daAuts
  Temple: 54 daAuts
